 Dungeon Crawl Stone Soup version 0.26-a0-466-g989023bd0d (webtiles) character file.

Game seed: 9839246559002352075

11785 HoaS the Brawler (level 11, 0/88 HPs)
             Began as a Ghoul Gladiator on Aug 11, 2020.
             Was an Elder of Makhleb.
             Slain by a five-headed hydra (5 damage)
             ... on level 3 of the Lair of Beasts.
             The game lasted 00:28:32 (9102 turns).

HoaS the Brawler (Ghoul Gladiator)                  Turns: 9102, Time: 00:28:32

Health: 0/88       AC: 22    Str: 20    XL:     11   Next: 83%
Magic:  0/10       EV:  8    Int:  3    God:    Makhleb [****..]
Gold:   947        SH:  0    Dex: 12    Spells: 10/10 levels left

rFire    + . .     SeeInvis +     - Unarmed
rCold    + . .     Faith    .   (no shield)
rNeg     + + +     Spirit   +   B - +0 plate armour
rPois    ∞         Reflect  .   j - +1 helmet {SInv}
rElec    .         Harm     .   h - +1 cloak
rCorr    .                      (no gloves)
MR       .....                  z - +1 pair of boots
Stlth    ..........             c - amulet of guardian spirit
HPRegen  0.00/turn              l - +4 ring of protection
MPRegen  0.12/turn              o - ring of protection from fire

@: about to teleport
A: rotting body, claws 1, cold resistance 1, negative energy resistance 3,
inhibited regeneration, torment resistance, unbreathing
a: Minor Destruction, Lesser Servant of Makhleb, Major Destruction, Renounce
Religion


You were on level 3 of the Lair of Beasts.
You worshipped Makhleb.
Makhleb was greatly pleased with you.
You visited 3 branches of the dungeon, and saw 14 of its levels.

You collected 947 gold pieces.

Inventory:

Missiles
 a - 36 poisoned darts (quivered)
 q - 21 boomerangs
 t - 7 javelins
 C - 3 atropa-tipped darts
 D - 7 curare-tipped darts
Armour
 h - a +1 cloak (worn)
 j - a +1 helmet of see invisible (worn)
 z - a +1 pair of boots (worn)
 B - a +0 plate armour (worn)
Jewellery
 c - an amulet of guardian spirit (around neck)
 l - a +4 ring of protection (left claw)
 o - a ring of protection from fire (right claw)
 u - an uncursed ring of protection from magic
 w - an uncursed ring of protection from cold
 A - an uncursed ring of protection from magic
Wands
 g - a wand of disintegration (8)
 v - a wand of flame (19)
 F - a wand of iceblast (1)
Scrolls
 d - 6 scrolls of teleportation
 f - a scroll of enchant armour
 k - 4 scrolls of fog
 p - 9 scrolls of remove curse
 y - 3 scrolls of fear
 E - 5 scrolls of identify
Potions
 b - 2 potions of ambrosia
 e - 3 potions of curing
 i - a potion of invisibility
 m - 3 potions of heal wounds
 n - 3 potions of flight
 s - a potion of resistance
 x - 2 potions of haste


   Skills:
 + Level 5.5 Fighting
 - Level 1.7 Throwing
 + Level 4.1 Armour
 + Level 5.0 Dodging
 * Level 17.1 Unarmed Combat


You had 10 spell levels left.
You didn't know any spells.
Your spell library contained the following spells:

 Spells                   Type           Power        Failure   Level
 Animate Skeleton         Necr           #.....       100%        1
 Magic Dart               Conj           #...         100%        1
 Pain                     Necr           #...         100%        1
 Summon Small Mammal      Summ           #...         100%        1
 Call Imp                 Summ           #.......     100%        2
 Searing Ray              Conj           #.....       100%        2
 Call Canine Familiar     Summ           #.......     100%        3
 Dazzling Flash           Conj/Hex       #.....       100%        3
 Summon Guardian Golem    Hex/Summ       #.......     100%        3
 Vampiric Draining        Necr           #.........   100%        3
 Animate Dead             Necr           #.........   100%        4
 Fulminant Prism          Conj/Hex       #.........   100%        4
 Iskenderun's Mystic Bla  Conj/Tloc      #.......     100%        4
 Summon Ice Beast         Ice/Summ       #.......     100%        4
 Summon Lightning Spire   Summ/Air       #.......     100%        4
 Agony                    Necr           #.......     100%        5


Dungeon Overview and Level Annotations

Branches:
Dungeon (10/15)            Temple (1/1) D:4            Lair (3/6) D:8
  Swamp (0/4) Lair:2          Orc (0/2) D:9
  Snake: Lair:2-4    Spider: Lair:2-4

Altars:
Ashenzari
Cheibriados
Dithmenos
Elyvilon
Fedhas
Gozag
Hepliaklqana
Kikubaaqudgha
Makhleb
Nemelex Xobeh
Okawaru
Qazlal
Ru
Sif Muna
Trog
Uskayaw
Vehumet
Wu Jian
Xom
Yredelemnul
Zin
The Shining One

Shops:
D:7 !


Innate Abilities, Weirdness & Mutations

Your body is rotting away.
You thrive by killing the living.
You are immune to poison.
You have sharp fingernails.
Your flesh is cold resistant. (rC+)
You are immune to negative energy. (rN+++)
You do not regenerate when monsters are visible.
You are immune to unholy pain and torment.
You can survive without breathing.


Message History

The komodo dragon bites you but does no damage.
The five-headed hydra bites you but does no damage.
The five-headed hydra bites you.
* * * LOW HITPOINT WARNING * * *
The five-headed hydra bites you!
* * * LOW HITPOINT WARNING * * *
The five-headed hydra bites you but does no damage. x2
The basilisk bites you but does no damage.
The komodo dragon bites you but does no damage.
You turn to flesh and can move again.
There is a stone staircase leading up here.
As you read the scroll of teleportation, it crumbles to dust.
You feel strangely unstable.
The komodo dragon bites you but does no damage.
The five-headed hydra bites you but does no damage.
The five-headed hydra bites you!
* * * LOW HITPOINT WARNING * * *
The five-headed hydra bites you but does no damage.
The five-headed hydra bites you.
You die...

................
................!.
..................
..................
..................
..P.....Y.........
....(..YY.........
.........Y.l......
..........@l......
..P#......lD......
...P......Y.......
......P#..........
.............#...#
.....#.....P....#.
.#.#.....#.P..#..
.#...P#.........


You could see a five-headed hydra, 2 komodo dragons, 5 yaks and a basilisk.

Vanquished Creatures
  Josephine (D:10)
  A hydra (Lair:3)
  A two-headed ogre (D:9)
  Sonja (D:10)
  An unseen horror (D:10)
  Pikel (D:6)
  A cane toad (D:8)
  A rime drake (Lair:2)
  A troll (D:9)
  A hornet (D:10)
  2 hippogriffs
  A spriggan (D:10)
  5 wraiths (D:10)
  A basilisk (Lair:1)
  4 water moccasins
  A porcupine (Lair:2)
  2 ice beasts
  7 orc warriors
  2 sky beasts
  3 black bears
  2 necrophages
  4 ogres
  3 centaurs
  2 crocodiles
  A big kobold (D:10)
  7 bullfrogs
  A wyvern zombie (D:8)
  5 scorpions
  A wyvern skeleton (D:9)
  10 wights
  2 howler monkeys
  2 electric eels
  2 jellies (D:8)
  6 hounds
  A centaur skeleton (D:6)
  11 orc priests
  A bullfrog skeleton (D:4)
  Jessica (D:2)
  12 orc wizards
  Natasha (twice) (D:2)
  4 iguanas
  8 worker ants
  2 hound skeletons
  Robin (D:1)
  2 worker ant zombies
  3 gnolls (D:5)
  9 adders
  3 shadow imps
  2 white imps
  4 ufetubi
  An ooze (D:2)
  2 adder skeletons
  7 worms
  A dart slug (D:2)
  9 leopard geckos
  38 orcs
  9 bats
  6 giant cockroaches
  15 goblins
  10 hobgoblins
  3 jackals (D:7)
  13 kobolds
  5 quokkas
  2 ball pythons
  9 frilled lizards
  A jackal skeleton (D:4)
  A quokka skeleton (D:8)
  3 rats
287 creatures vanquished.

Notes
Turn   | Place    | Note
-------+----------+-------------------------------------------
     0 | D:1      | HoaS the Ghoul Gladiator began the quest for the Orb.
     0 | D:1      | Reached XP level 1. HP: 17/17 MP: 0/0
    86 | D:1      | Reached XP level 2. HP: 23/24 MP: 1/1
   199 | D:1      | Reached skill level 4 in Unarmed Combat
   639 | D:2      | Noticed Robin
   640 | D:2      | Reached XP level 3. HP: 29/29 MP: 2/2
   677 | D:1      | Killed Robin
   702 | D:2      | Reached skill level 5 in Unarmed Combat
   780 | D:2      | Reached XP level 4. HP: 36/36 MP: 3/3
   951 | D:2      | Noticed Natasha
   969 | D:2      | Killed Natasha
  1500 | D:2      | Reached skill level 6 in Unarmed Combat
  1501 | D:2      | Found a blossoming altar of Fedhas.
  1536 | D:2      | Reached XP level 5. HP: 37/41 MP: 4/4
  1732 | D:2      | Noticed Jessica
  1739 | D:2      | Killed Jessica
  1800 | D:2      | Noticed Natasha
  1807 | D:2      | Killed Natasha
  2708 | D:4      | Reached skill level 7 in Unarmed Combat
  2708 | D:4      | Reached XP level 6. HP: 44/48 MP: 5/5
  2778 | D:4      | Found a hazy altar of Hepliaklqana.
  2834 | D:4      | Reached skill level 8 in Unarmed Combat
  2932 | D:4      | Reached XP level 7. HP: 55/55 MP: 6/6
  2933 | D:4      | Found a staircase to the Ecumenical Temple.
  2952 | Temple   | Entered the Ecumenical Temple
  3145 | Temple   | Became a worshipper of Makhleb the Destroyer
  3172 | D:4      | Reached skill level 9 in Unarmed Combat
  3382 | D:5      | Entered Level 5 of the Dungeon
  3652 | D:5      | Found an opulent altar of Gozag.
  3812 | D:5      | Got a slimy chain mail
  3813 | D:5      | Identified the cursed +1 chain mail of the Turtle {rPois
                  | rC- rN++ rCorr} (You found it on level 5 of the Dungeon)
  3835 | D:5      | Reached skill level 10 in Unarmed Combat
  3857 | D:5      | Reached XP level 8. HP: 61/61 MP: 7/7
  3940 | D:5      | Reached * piety under Makhleb
  4234 | D:6      | Noticed Pikel
  4266 | D:6      | Killed Pikel
  4266 | D:6      | Reached skill level 11 in Unarmed Combat
  4270 | D:6      | Reached skill level 12 in Unarmed Combat
  4551 | D:6      | Reached XP level 9. HP: 67/67 MP: 8/8
  4713 | D:6      | Lost intelligence.
  4838 | D:6      | Found a sparkling altar of Nemelex Xobeh.
  5140 | D:7      | Reached skill level 13 in Unarmed Combat
  5153 | D:7      | Reached ** piety under Makhleb
  5337 | D:7      | Found Sevown's Distillery.
  5656 | D:8      | Found a staircase to the Lair.
  5695 | D:8      | Reached skill level 14 in Unarmed Combat
  5740 | D:8      | Found a shimmering blue altar of Sif Muna.
  5885 | D:8      | Reached XP level 10. HP: 62/73 MP: 9/9
  6099 | D:9      | Reached *** piety under Makhleb
  6136 | D:9      | Reached skill level 15 in Unarmed Combat
  6353 | D:9      | Noticed a two-headed ogre
  6391 | D:9      | Killed a two-headed ogre
  6564 | D:8      | Found a hazy altar of Hepliaklqana.
  6697 | D:8      | Reached skill level 16 in Unarmed Combat
  6767 | D:8      | Reached skill level 1 in Armour
  6803 | D:8      | Reached **** piety under Makhleb
  6884 | D:9      | Found a staircase to the Orcish Mines.
  6992 | D:9      | Found an opulent altar of Gozag.
  7166 | D:10     | Entered Level 10 of the Dungeon
  7270 | D:10     | Reached XP level 11. HP: 82/82 MP: 10/10
  7384 | D:10     | Noticed Josephine
  7405 | D:10     | Killed Josephine
  7437 | D:10     | Noticed Sonja
  7457 | D:10     | Killed Sonja
  7621 | D:10     | Noticed an unseen horror
  7630 | D:10     | Killed an unseen horror
  8028 | Lair:1   | Entered Level 1 of the Lair of Beasts
  8067 | Lair:1   | Reached skill level 5 in Fighting
  8440 | Lair:2   | Reached skill level 17 in Unarmed Combat
  8774 | Lair:2   | Found a staircase to the Swamp.
  9071 | Lair:3   | Noticed a seven-headed hydra
  9082 | Lair:3   | Killed a seven-headed hydra
  9082 | Lair:3   | Reached skill level 5 in Dodging
  9090 | Lair:3   | Noticed a five-headed hydra
  9102 | Lair:3   | Slain by a five-headed hydra

Illustrated notes

Levels and vault maps discovered:
D:1:      dpeg_arrival_simpleton_c, layout_loops_ring
D:2:      layout_basic, lemuel_round_altar, uniq_natasha, uniq_jessica,
          uniq_robin
D:3:      layout_loops_ring, wander_ebering_terrifying_dragon_lair
D:4:      layout_rooms, kennysheep_mini_moat, minmay_temple_entry_ruins
D:5:      layout_loops_ring, kennysheep_little_box, nrook_uturn
D:6:      layout_rooms, nemelex_lonely_heart_becter, uniq_pikel
D:7:      layout_basic, serial_shops, shop_fountains,
          kennysheep_decorative_pillar
D:8:      lemuel_upstairs_altar, layout_basic, led_sif_book
D:9:      layout_loops_ring, david_orc_4, grunt_gozag_breadcrumbs
D:10:     layout_irregular_city, the_bakery, uniq_sonja, uniq_josephine
Temple:   eino_narrow_crystal_temple
Lair:1:   layout_cave_shapes
Lair:2:   layout_regular_city, swamp_mist_pool
Lair:3:   layout_cave_shapes, serial_bayou_pond_b, minmay_lair_oklob_chamber

Skill      XL: |  1  2  3  4  5  6  7  8  9 10 11 |
---------------+----------------------------------+-----
Unarmed Combat | 4 5 6 7 8 10 12 14 16 17 | 17.1
Armour         | 2 4 |  4.1
Dodging        | 3 5 |  5.0
Fighting       | 3 5 |  5.5
Throwing       | |  1.7

Action                   |  1- 3 |  4- 6 |  7- 9 | 10-12 || total
-------------------------+-------+-------+-------+-------++-------
Melee: Unarmed           |   104 |   195 |   312 |   337 ||   948
       Punch             |     2 |     8 |     9 |    12 ||    31
Throw: Throwing net      |       |     2 |     2 |       ||     4
       Boomerang         |       |       |    23 |       ||    23
       Dart              |       |       |       |     7 ||     7
Evoke: Wand              |       |       |       |    10 ||    10
  Use: Scroll            |     6 |     3 |     7 |    10 ||    26
       Potion            |       |       |     1 |       ||     1
 Stab: Held in net/web   |       |     3 |     1 |       ||     4
Armor: Leather armour    |     7 |       |       |       ||     7
       Scale mail        |    36 |    58 |       |       ||    94
       Chain mail        |       |     8 |   147 |    29 ||   184
       Plate armour      |       |       |       |   197 ||   197
Dodge: Dodged            |    60 |    91 |    94 |   124 ||   369

Table legend: (Time is in decaauts)
 A = Elapsed time spent in this place.
 B = Non-inter-level travel time spent in this place.
 C = Inter-level travel time spent in this place.
 D = Time resting spent in this place.
 E = Time spent auto-exploring this place.
 F = Levels seen in this place.
 G = Mean time per level.
                   A        B        C        D        E       F      G
               +--------+--------+--------+--------+--------+-----+--------+
         Total |   8936 |   8346 |    590 |    585 |   5754 |  14 |  638.3 |
       Dungeon |   7682 |   7137 |    545 |    585 |   4673 |  10 |  768.2 |
        Temple |    215 |    187 |     28 |      0 |    171 |   1 |  215.0 |
          Lair |   1038 |   1021 |     17 |      0 |    910 |   3 |  346.0 |
               +--------+--------+--------+--------+--------+-----+--------+

Top non-repeatable levels by time:
     D:2: 1432 daAuts
     D:9: 898 daAuts
     D:5: 795 daAuts
    D:10: 763 daAuts
     D:6: 762 daAuts
     D:8: 737 daAuts
     D:3: 729 daAuts
  Lair:2: 700 daAuts
     D:7: 585 daAuts
     D:1: 547 daAuts
     D:4: 430 daAuts
  Lair:1: 309 daAuts
  Temple: 215 daAuts
  Lair:3: 29 daAuts
